 Dungeon Sprint DCSS version 0.21-a0-94-gdd6ab6a (webtiles) character file.

5238 Kidiri the Unseen (level 10, -1/52 (53) HPs)
             Began as a Spriggan Enchanter on July 2, 2017.
             Was a Priest of Dithmenos.
             Slain by a tentacle (10 damage)
             ... attached to a kraken
             ... in the Dungeon (Sprint II: "The Violet Keep of Menkaure").
             The game lasted 00:09:38 (1785 turns).

Kidiri the Unseen (Spriggan Enchanter)              Turns: 1785, Time: 00:09:38

HP:   -1/52 (53)    AC:  2    Str:  4    XL:     10   Next: 35%
MP:   16/27         EV: 31    Int: 19    God:    Dithmenos [***...]
Gold: 1117          SH:  4    Dex: 18    Spells: 21/33 levels left

rFire    . . .     SeeInvis +   a - +1 dagger
rCold    . . .     Gourm    .   (shield restricted)
rNeg     . . .     Faith    .   b - +0 robe
rPois    .         Spirit   .   (helmet restricted)
rElec    .         Reflect  +   (no cloak)
rCorr    .         Harm     .   (gloves unavailable)
MR       +....     NoTele   +   (boots unavailable)
Stlth    +++++.....             f - +4 amulet of reflection
HPRegen  0.17/turn              (no ring)
MPRegen  0.20/turn              (no ring)

@: wreathed by umbra, slow
A: unfitting armour, see invisible, herbivore 3, speed 3, slow metabolism 2
a: Shadow Step, Renounce Religion


You were in the Dungeon.
You worshipped Dithmenos.
Dithmenos was most pleased with you.
You were not hungry.

You visited 1 branch You collected 1495 gold pieces.
You spent 378 gold pieces at shops.

Inventory:

Hand Weapons
 a - a +1 dagger (weapon)
Armour
 b - a +0 robe (worn)
Jewellery
 f - a +4 amulet of reflection (around neck)
Scrolls
 j - a scroll of blinking
 n - 6 scrolls of remove curse
 o - a scroll of fear {unknown}
 r - 3 scrolls of amnesia {unknown}
 t - a scroll of enchant weapon {unknown}
Potions
 e - 4 potions of curing
 g - a potion of haste
 h - 6 potions of magic
 l - a potion of lignification
 m - 3 potions of flight {unknown}
 p - 3 potions of resistance {unknown}
 q - a potion of ambrosia
 s - a potion of berserk rage
 u - a potion of brilliance
 w - a potion of agility
Books
 c - a book of Maledictions

   Spells                             Type                      Level
   a - Corona                         Hexes                        1
   b - Ensorcelled Hibernation        Hexes/Ice                    2
   c - Confuse                        Hexes                        3
   d - Tukima's Dance                 Hexes                        3
   e - Dazzling Spray                 Conjuration/Hexes            3
Comestibles
 d - a bread ration
 i - 2 fruits
 v - a royal jelly


   Skills:
 + Level 6.1 Fighting
 * Level 11.4 Short Blades
 + Level 5.5 Armour
 * Level 14.5 Dodging
 * Level 15.8 Stealth
 * Level 12.4 Spellcasting
 + Level 9.7 Hexes
 + Level 4.5 Invocations


You had 21 spell levels left.
You knew the following spells:

 Your Spells              Type           Power        Failure   Level  Hunger
a - Corona                Hex            #####..      1%          1    None
b - Ensorcelled Hibernat  Hex/Ice        ####..       1%          2    None
c - Confuse               Hex            #####...     1%          3    None
d - Tukima's Dance        Hex            #####...     1%          3    None
e - Dazzling Spray        Conj/Hex       ####..       2%          3    None


Dungeon Overview and Level Annotations

Branches:
Dungeon (1/1)

Altars:
Cheibriados
Dithmenos
Elyvilon
Fedhas
Gozag
Hepliaklqana
Kikubaaqudgha
Makhleb
Nemelex Xobeh
Okawaru
Qazlal
Ru
Sif Muna
Trog
Uskayaw
Vehumet
Wu Jian
Xom
Yredelemnul
Zin
The Shining One
Beogh
Jiyva
Lugonu

Shops:
D [:?[=%!?=:([![}!

Annotations:
D exclusions: ice statue, obsidian statue and oklob plant


Innate Abilities, Weirdness & Mutations

You are very small and have problems with some larger weapons.
You are too small for most types of armour.
You have supernaturally acute eyesight. (SInv)
You are a herbivore.
You cover ground extremely quickly.
You need consume almost no food.


Message History

Casting: Dazzling Spray
Confirm with . or Enter, or press ? or * to list all spells.
Aiming: Dazzling Spray
Press: ? - help, Shift-Dir - straight line, f - tentacle, p - kraken
Aim: a tentacle (water, umbra)
The spray of energy hits the tentacle.
The tentacle is lightly wounded.
The spray of energy hits the tentacle.
The tentacle is lightly wounded.
The tentacle is dazzled.
The spray of energy hits the kraken.
The kraken is lightly wounded.
A tentacle segment bursts forth from the water.
The tentacle slaps you!! x2
* * * LOW HITPOINT WARNING * * *
Unknown command.
A tentacle rises from the water!
You enter the shallow water.
Moving in this stuff is going to be slow.
The tentacle slaps you!
You die...

###.# #[:▓(.(.((..▓▓
.H+.####":▓((..))..▓▓
H.#...####▓)...[..)▓▓
####.^##.#▓%(.)..[.▓▓
#†.+..#..#▓(.((.[..▓▓
#.†#..#).#▓..)..(.=▓▓
####^.##(#▓..%.).((▓▓
§.###...##▓▓▓▓▓▓▓+▓▓▓▓+▓
....§≈≈≈≈≈≈≈≈≈≈≈@w──X≈≈▓
....§#+########+###www≈▓
≈≈..≈#(...._..#≈≈≈##≈≈≈▓
≈≈≈.≈#...._._.#§≈≈§####▓▓
≈§≈≈≈#..._._._#≈§≈§§##.[#
≈§≈≈≈#.._._._.#§§≈§§§#..#
§≈≈§≈#._._._._#§§§≈§§+..+
###≈§#_._._._.#§§≈≈§§#..#
#≈≈#._._._._#§§§§≈≈▓..#


You could see a kraken and 4 tentacles.

Vanquished Creatures
  A great orb of eyes (D)
  2 deep trolls (D)
  A manticore (D)
  A merfolk siren (D)
  2 spiny frogs (D)
  A yaktaur (D)
  A hornet (D)
  3 polar bears (D)
  2 tyrant leeches (D)
  2 hippogriffs (D)
  4 necrophages (D)
  4 crocodiles (D)
  A hell rat (D)
  4 tentacles (D)
29 creatures vanquished.

Vanquished Creatures (others)
  Menkaure (D)
  A crocodile (D)
  17 tentacles (D)
19 creatures vanquished.

Grand Total: 48 creatures vanquished

Notes
Turn   | Place    | Note
-------+----------+-------------------------------------------
     0 | D        | Kidiri the Spriggan Enchanter began the quest for the Orb.
     0 | D        | Reached XP level 1. HP: 9/9 MP: 5/5
     1 | D        | Noticed a necrophage
     1 | D        | Noticed a necrophage
     1 | D        | Noticed a necrophage
     1 | D        | Noticed a necrophage
     5 | D        | Noticed a hippogriff
     5 | D        | Noticed a hippogriff
     9 | D        | Noticed a merfolk siren
    13 | D        | Noticed a tyrant leech
    13 | D        | Noticed a tyrant leech
    28 | D        | Killed a necrophage
    28 | D        | Reached skill level 1 in Fighting
    28 | D        | Reached skill level 1 in Armour
    28 | D        | Reached skill level 5 in Dodging
    28 | D        | Reached skill level 7 in Stealth
    28 | D        | Reached skill level 5 in Spellcasting
    28 | D        | Reached XP level 2. HP: 15/15 MP: 6/9
    28 | D        | Reached XP level 3. HP: 18/18 MP: 6/10
    28 | D        | Reached XP level 4. HP: 23/23 MP: 7/12
    36 | D        | Killed a necrophage
    36 | D        | Reached skill level 5 in Short Blades
    36 | D        | Reached skill level 8 in Stealth
    36 | D        | Reached skill level 5 in Hexes
    36 | D        | Reached XP level 5. HP: 25/25 MP: 7/14
    41 | D        | Killed a necrophage
    41 | D        | Reached skill level 9 in Stealth
    68 | D        | Killed Menkaure
    72 | D        | Killed a necrophage
    72 | D        | Reached XP level 6. HP: 19/31 MP: 13/17
    85 | D        | Learned a level 2 spell: Ensorcelled Hibernation
    89 | D        | Learned a level 3 spell: Confuse
    93 | D        | Learned a level 3 spell: Tukima's Dance
    97 | D        | Learned a level 3 spell: Dazzling Spray
   278 | D        | Killed a hippogriff
   278 | D        | Reached skill level 10 in Stealth
   281 | D        | Killed a hippogriff
   281 | D        | Reached skill level 10 in Dodging
   281 | D        | Reached skill level 11 in Stealth
   281 | D        | Reached XP level 7. HP: 36/36 MP: 14/20
   324 | D        | Killed a merfolk siren
   324 | D        | Reached skill level 12 in Stealth
   324 | D        | Reached XP level 8. HP: 41/41 MP: 22/22
   359 | D        | Killed a tyrant leech
   568 | D        | Killed a tyrant leech
   568 | D        | Reached skill level 10 in Spellcasting
   595 | D        | Noticed a flying skull
   595 | D        | Noticed a flying skull
   595 | D        | Noticed a flying skull
   596 | D        | Noticed a flying skull
   596 | D        | Noticed a flying skull
   596 | D        | Noticed a flying skull
   596 | D        | Noticed a flying skull
   597 | D        | Noticed a flying skull
   597 | D        | Noticed a flying skull
   597 | D        | Noticed a flying skull
   597 | D        | Noticed a flying skull
   599 | D        | Reached skill level 13 in Stealth
   606 | D        | Noticed a flying skull
   623 | D        | Noticed an obsidian statue
   631 | D        | Found Xaku's Distillery.
   633 | D        | Found Onnavuny's Antique Armour Shop.
   633 | D        | Found Ilopsuffa's Distillery.
   633 | D        | Found Pejap's Gadget Boutique.
   634 | D        | Found Pyned Ybe's Book Boutique.
   634 | D        | Found Kysyw's Jewellery Shop.
   645 | D        | Found Vaamodee's Antique Weapon Shop.
   645 | D        | Found Cusoc's Antique Armour Shop.
   646 | D        | Found Iteadec's Distillery.
   646 | D        | Found Botif's Food Boutique.
   647 | D        | Found Susiaczu's Magic Scroll Boutique.
   649 | D        | Found Puschixe's Jewellery Shop.
   650 | D        | Noticed a shining eye
   651 | D        | Found Bazimy's Armour Boutique.
   651 | D        | Found Juotiec's Magic Scroll Shop.
   651 | D        | Noticed a shining eye
   651 | D        | Noticed a shining eye
   651 | D        | Noticed an oklob plant
   652 | D        | Found Meinal's Book Shoppe.
   652 | D        | Found Rellohote's Antique Armour Boutique.
   654 | D        | Noticed a death yak
   659 | D        | Noticed an iron elemental
   690 | D        | Bought a +4 amulet of reflection for 378 gold pieces
   730 | D        | Found a blossoming altar of Fedhas.
   731 | D        | Found a white marble altar of Elyvilon.
   731 | D        | Found an opulent altar of Gozag.
   731 | D        | Found a burning altar of Makhleb.
   732 | D        | Found a shadowy altar of Dithmenos.
   732 | D        | Found a corrupted altar of Lugonu.
   733 | D        | Found a snail-covered altar of Cheibriados.
   733 | D        | Found an ancient bone altar of Kikubaaqudgha.
   733 | D        | Found a bloodstained altar of Trog.
   734 | D        | Found a roughly hewn altar of Beogh.
   734 | D        | Found a viscous altar of Jiyva.
   734 | D        | Found a deep blue altar of Sif Muna.
   735 | D        | Found a hazy altar of Hepliaklqana.
   735 | D        | Found a sacrificial altar of Ru.
   736 | D        | Found a shimmering altar of Xom.
   737 | D        | Found a stormy altar of Qazlal.
   737 | D        | Found an ornate altar of the Wu Jian Council.
   737 | D        | Found a sparkling altar of Nemelex Xobeh.
   737 | D        | Found a hide-covered altar of Uskayaw.
   737 | D        | Found a basalt altar of Yredelemnul.
   737 | D        | Found a glowing golden altar of the Shining One.
   737 | D        | Noticed a hornet
   737 | D        | Noticed a polar bear
   738 | D        | Found a radiant altar of Vehumet.
   738 | D        | Found an iron altar of Okawaru.
   738 | D        | Found a glowing silver altar of Zin.
   738 | D        | Noticed a yaktaur
   741 | D        | Became a worshipper of Dithmenos the Shadowed
   747 | D        | Noticed a polar bear
   752 | D        | Killed a polar bear
   752 | D        | Reached skill level 1 in Invocations
   754 | D        | Noticed a polar bear
   755 | D        | Killed a polar bear
   758 | D        | Killed a hornet
   758 | D        | Reached * piety under Dithmenos
   758 | D        | Reached skill level 5 in Fighting
   758 | D        | Reached XP level 9. HP: 46/46 MP: 14/24
   765 | D        | Killed a yaktaur
   769 | D        | Killed a polar bear
   769 | D        | Reached skill level 14 in Stealth
   788 | D        | Noticed a spiny frog
   789 | D        | Noticed a spiny frog
   790 | D        | Killed a spiny frog
   790 | D        | Reached ** piety under Dithmenos
   790 | D        | Reached skill level 10 in Short Blades
   792 | D        | Killed a spiny frog
   804 | D        | Noticed a manticore
   805 | D        | Noticed a manticore
   805 | D        | Noticed a manticore
   806 | D        | Killed a manticore
   806 | D        | Reached skill level 5 in Armour
   811 | D        | Noticed a deep elf master archer
   814 | D        | Noticed a great orb of eyes
   816 | D        | Killed a great orb of eyes
   816 | D        | Reached skill level 15 in Stealth
   816 | D        | Reached XP level 10. HP: 52/52 MP: 11/26
   887 | D        | Noticed a kraken
  1445 | D        | Reached *** piety under Dithmenos
  1480 | D        | Noticed an ice statue
  1505 | D        | Noticed a deep troll
  1506 | D        | Noticed a deep troll
  1507 | D        | Killed a deep troll
  1514 | D        | Killed a deep troll
  1785 | D        | Slain by a tentacle

Vault maps used:
D:        the_violet_keep_of_menkaure

Skill      XL: |  1  2  3  4  5  6  7  8  9 10 |
---------------+-------------------------------+-----
Fighting       | 1 2 3 4 5 6 |  6.1
Short Blades   | 4 5 6 7 8 9 10 11 | 11.4
Armour         | 1 2 3 4 5 |  5.5
Dodging        | 5 7 8 10 11 12 13 14 | 14.5
Stealth        | 7 8 9 11 12 13 15 | 15.8
Spellcasting   | 5 6 7 8 9 10 11 12 | 12.4
Hexes          | 4 5 6 7 8 9 |  9.7
Invocations    | 1 3 4 |  4.5

Action                   |  1- 3 |  4- 6 |  7- 9 | 10-12 || total
-------------------------+-------+-------+-------+-------++-------
Melee: Dagger            |     2 |    44 |    28 |    29 ||   103
 Cast: Ensorcelled Hiber |       |     2 |    12 |    10 ||    24
       Dazzling Spray    |       |       |     5 |    23 ||    28
       Confuse           |       |       |     4 |     3 ||     7
Invok: Shadow Step       |       |       |       |     2 ||     2
  Use: Potion            |     1 |     1 |       |       ||     2
       Scroll            |       |       |     1 |     7 ||     8
 Stab: Sleeping          |     1 |     2 |     9 |     4 ||    16
       Confused          |       |       |     4 |     1 ||     5
       Invisible         |       |       |     3 |     6 ||     9
       Distracted        |       |       |       |     1 ||     1
Armor: Robe              |       |     2 |     1 |       ||     3
Dodge: Dodged            |     6 |    35 |    19 |    51 ||   111
Block: Other             |       |       |       |     6 ||     6
